AoeStats
← amjedballer

Arena

505168638Analyzed
2v2 RM · 24d ago on Sep 8, 2026· 89m 16s· 4 players
Game mode
Random Map
Map size
Medium (4 player)
Population
200
Speed
Normal
Resources
Standard
Victory
Conquest
Starting age
Dark Age
Ending age
Imperial Age
RankedLock teamsTeams togetherTeam positionsShared explorationLock speedFull tech treeHidden civsTurbo modeCheats
Victory
Defeat
🇲🇽 Cumans · Mexico
989
+18
🇺🇾 Spanish · Uruguay
967
+18
🇺🇸 Gurjaras · United States
1028
-18
🇺🇸 Khmer · United States
1025
-18
DesveMX
4:51 Loom
11:41 Feudal Age
16:28 Castle Age
16:09 Double-Bit Axe
16:05 Horse Collar
18:13 Bow Saw
19:20 Fletching
37:10 Bow Saw
42:03 Heavy Plow
44:51 Wheelbarrow
46:27 Town Watch
46:08 Pikeman
48:03 Padded Archer Armor
48:25 Hand Cart
48:32 Bodkin Arrow
48:02 Elite Skirmisher
49:26 Leather Archer Armor
49:08 Light Cavalry
50:02 Gold Mining
52:52 Imperial Age
50:41 Thumb Ring
50:43 Squires
50:59 Scale Barding Armor
51:05 Forging
50:58 Scale Mail Armor
53:46 Chain Mail Armor
54:03 Bracer
53:25 Halberdier
54:38 Ring Archer Armor
54:21 Capped Ram
56:29 Two-Man Saw
56:34 Chemistry
55:55 Ballistics
56:06 Plate Mail Armor
56:14 Iron Casting
55:54 Bloodlines
57:05 Scale Barding Armor
58:00 Hussar
59:02 Chain Barding Armor
59:19 Iron Casting
58:27 Siege Ram
61:07 Plate Barding Armor
60:54 Conscription
64:02 Blast Furnace
67:58 Husbandry
68:01 Stone Mining
71:03 Masonry
80:33 Architecture
81:23 Arson
dse_dll
2:13 Loom
10:49 Feudal Age
18:35 Castle Age
17:41 Double-Bit Axe
27:22 Capped Ram
29:17 Pikeman
30:03 Scale Mail Armor
38:33 Imperial Age
36:59 Forging
37:04 Chain Mail Armor
39:11 Padded Archer Armor
39:01 Fletching
39:35 Ballistics
40:16 Chemistry
39:42 Conscription
39:07 Halberdier
41:28 Bow Saw
41:39 Leather Archer Armor
41:19 Bodkin Arrow
47:00 Bloodlines
46:10 Light Cavalry
47:30 Hussar
47:38 Hussar
50:05 Scale Barding Armor
50:36 Iron Casting
60:25 Chain Barding Armor
61:07 Blast Furnace
59:59 Horse Collar
60:50 Elite Steppe Lancer
65:02 Heavy Plow
65:46 Plate Barding Armor
66:51 Two-Man Saw
67:36 Wheelbarrow
67:37 Crop Rotation
71:34 Hand Cart
71:19 Siege Ram
84:33 Gold Mining
amjedballer
4:01 Loom
11:14 Feudal Age
11:58 Double-Bit Axe
12:21 Gold Mining
14:34 Fletching
15:33 Padded Archer Armor
17:26 Horse Collar
23:20 Castle Age
23:36 Elite Skirmisher
24:58 Bodkin Arrow
25:19 Leather Archer Armor
32:19 Stone Mining
34:06 Gold Shaft Mining
34:35 Stone Shaft Mining
37:40 Wheelbarrow
37:56 Loom
37:58 Town Watch
38:27 Forging
38:23 Scale Barding Armor
39:56 Hand Cart
41:52 Iron Casting
41:38 Chain Barding Armor
44:00 Imperial Age
42:16 Bloodlines
45:13 Town Patrol
46:31 Blast Furnace
46:07 Plate Barding Armor
46:42 Elite Ballista Elephant
48:11 Bracer
57:44 Conscription
58:00 Hoardings
63:54 Double Crossbow
63:49 Light Cavalry
64:32 Husbandry
69:24 Masonry
72:35 Architecture
72:31 Ballistics
73:15 Hussar
80:38 Crossbowman
83:01 Chemistry
81:27 Arbalester
Dick Johnson
11:10 Feudal Age
10:35 Loom
14:56 Castle Age
28:40 Double-Bit Axe
28:39 Horse Collar
32:03 Gold Mining
37:02 Town Watch
39:49 Imperial Age
39:04 Ballistics
38:58 Scale Barding Armor
39:04 Forging
38:46 Fletching
41:43 Chemistry
41:14 Stone Mining
41:39 Bow Saw
42:04 Heavy Camel Rider
47:04 Elite Chakram Thrower
51:52 Padded Archer Armor
64:36 Husbandry
64:47 Bloodlines
67:09 Chain Barding Armor
67:25 Iron Casting
66:47 Bodkin Arrow
69:44 Masonry
75:01 Murder Holes
82:17 Fortified Wall
Connection lost

Rejoining the realm…

Still unreachable

The connection could not be restored.

Session expired

The server has moved on; the page needs a fresh start.